 Dungeon Crawl Stone Soup version 0.22.1-2-g9c5b331383 (webtiles) character file.

94 Revguard the Slasher (level 4, -1/34 HPs)
             Began as a Demonspawn Gladiator on Nov 26, 2018.
             Slain by an adder (3 damage)
             ... on level 2 of the Dungeon.
             The game lasted 00:03:20 (928 turns).

Revguard the Slasher (Demonspawn Gladiator)          Turns: 928, Time: 00:03:22

Health: -1/34      AC:  4    Str: 12 (15) XL:     4   Next: 38%
Magic:  4/4        EV: 15    Int:  9      God:
Gold:   77         SH:  0    Dex: 14 (15) Spells: 3/3 levels left

rFire    . . .     SeeInvis .   a - +1 long sword
rCold    . . .     Gourm    .   (no shield)
rNeg     . . .     Faith    .   b - +0 leather armour
rPois    .         Spirit   .   c - +0 helmet
rElec    .         Reflect  .   (no cloak)
rCorr    .         Harm     .   (no gloves)
MR       .....                  (no boots)
Stlth    ++........             (no amulet)
HPRegen  0.11/turn              (no ring)
MPRegen  0.09/turn              (no ring)

@: lethally poisoned (-1 -> -24)
A: claws 1, repulsion field 1, nightstalker 1
a: no special abilities


You were on level 2 of the Dungeon.
You were not hungry.

You visited 1 branch of the dungeon, and saw 2 of its levels.

You collected 77 gold pieces.

Inventory:

Hand Weapons
 a - a +1 long sword (weapon)
Missiles
 d - 3 throwing nets (quivered)
Armour
 b - a +0 leather armour (worn)
 c - a +0 helmet (worn)
Comestibles
 f - 3 rations


   Skills:
 + Level 2.4 Fighting
 + Level 3.7 Long Blades
 - Level 1.7 Throwing
 * Level 1.7 Armour
 + Level 3.1 Dodging


You had 3 spell levels left.
You didn't know any spells.
Your spell library was empty.

Dungeon Overview and Level Annotations

Branches:
Dungeon (2/15)

Altars:
Makhleb


Innate Abilities, Weirdness & Mutations

You have sharp fingernails.
You are surrounded by a mild repulsion field. (EV +2)
You are slightly more attuned to the shadows.


Message History

* * * LOW HITPOINT WARNING * * *
You feel sick. The adder closely misses you.
You riposte.
You hit the adder.
The adder is lightly wounded.
You slash the adder!
The adder is severely wounded.
* * * LOW HITPOINT WARNING * * *
You feel sick. The adder bites you.
* * * LOW HITPOINT WARNING * * *
You are more poisoned.
The adder poisons you! The adder barely misses you.
You aren't carrying any potions.
You aren't carrying any scrolls.
You closely miss the adder.
The adder is severely wounded.
* * * LOW HITPOINT WARNING * * *
You feel sick. The adder bites you.
* * * LOW HITPOINT WARNING * * *
You are more poisoned.
The adder poisons you! The adder bites you.
You die...

## . ..# #.#.#
#### #.#.# .....
.####.#.#
####.....
.......###........
#..........#....
##....####S# ..
#.####.#.# #@#
.........# #.#
#####.### #.#
##†## #.# ##.(.##
#.. ##.....## ###
##.......##
#.........#
+.........+


You could see an adder.

Vanquished Creatures
  Natasha (twice) (D:2)
  2 adders (D:2)
  2 dart slugs (D:1)
  2 leopard geckos
  3 giant cockroaches
  2 goblins (D:1)
  3 hobgoblins
  3 kobolds (D:1)
  A bat (D:1)
  A frilled lizard (D:2)
21 creatures vanquished.

Notes
Turn   | Place    | Note
-------+----------+-------------------------------------------
     0 | D:1      | Revguard the Demonspawn Gladiator began the quest for the
                  | Orb.
     0 | D:1      | Reached XP level 1. HP: 16/16 MP: 1/1
   194 | D:1      | Gained mutation: You are surrounded by a mild repulsion
                  | field. (EV +2) [demonic ancestry]
   194 | D:1      | Reached XP level 2. HP: 17/22 MP: 2/2
   586 | D:2      | Found a burning altar of Makhleb.
   586 | D:2      | Noticed a balrug
   598 | D:2      | Noticed Natasha
   603 | D:2      | Gained mutation: You are slightly more attuned to the
                  | shadows. [demonic ancestry]
   603 | D:2      | Reached XP level 3. HP: 17/27 MP: 3/3
   608 | D:2      | Killed Natasha
   608 | D:2      | Reached skill level 1 in Armour
   900 | D:2      | Gained mutation: You have sharp fingernails. [demonic
                  | ancestry]
   900 | D:2      | Reached XP level 4. HP: 34/34 MP: 4/4
   916 | D:2      | Noticed Natasha
   926 | D:2      | Killed Natasha
   928 | D:2      | Slain by an adder

Skill      XL: |  1  2  3 |
---------------+----------+-----
Long Blades    | 3 |  3.7
Dodging        | 3 |  3.1
Armour         | 1 |  1.7
Fighting       | |  2.4
Throwing       | |  1.7

Action                   |  1- 3 |  4- 6 || total
-------------------------+-------+-------++-------
Melee: Long sword        |    49 |    16 ||    65
  Use: Scroll            |     4 |       ||     4
       Potion            |     3 |       ||     3
 Stab: Sleeping          |     1 |       ||     1
Armor: Leather armour    |    11 |     2 ||    13
Dodge: Dodged            |    36 |     9 ||    45
       Rpst.: Long sword |    13 |     3 ||    16
